 Dungeon Crawl Stone Soup version 0.27.1-33-g824d729ab1 (console) character file.

Game seed: 8890819147222255082

542 Banquo the Cutter (level 7, -10/52 HPs)
             Began as a Djinni Chaos Knight on Dec 27, 2021.
             Was a Plaything of Xom.
             Mangled by an ice beast (15 damage)
             ... on level 4 of the Dungeon on Dec 28, 2021.
             The game lasted 00:17:48 (5462 turns).

Banquo the Cutter (Djinni Chaos Knight)             Turns: 5462, Time: 00:17:49

Health: -10/52     AC:  5    Str: 13    XL:     7   Next: 52%
Gold:   197        EV: 16    Int: 16    God:    Xom [.*....] SH:  0 Dex: 14

rFire    + + .     SeeInvis .   b - +0 dagger (venom)
rCold    x . .     Faith    .   (no shield)
rNeg     . . .     Spirit   .   e - +2 leather armour
rPois    ∞         Reflect  .   (no helmet)
rElec    .         Harm     .   (no cloak)
rCorr    .         Rampage  .   (no gloves)
Will     .....                  (boots unavailable)
Stlth    +.........             (no amulet)
HPRegen  0.17/turn              k - ring of wizardry
MPRegen  0.00/turn              A - +4 ring of evasion

@: flying
A: sickness immunity, fire resistance 2, cold vulnerability 1, float, innate
caster, hp casting, extra vitality 1, agile 1, mutation resistance 1, screaming
1, strong 1
a: Renounce Religion


You were on level 4 of the Dungeon.
You worshipped Xom.
You were a plaything of Xom.
You visited 1 branch of the dungeon, and saw 5 of its levels.

You collected 197 gold pieces.

Inventory:

Hand Weapons
 a - a +0 short sword of chaos
 b - a +0 dagger of venom (weapon)
 c - a +1 dagger of speed
Missiles
 f - 21 poisoned darts (quivered)
 h - 74 stones
 x - 7 javelins
Armour
 e - a +2 leather armour (worn)
 u - a +1 scale mail of cold resistance
Jewellery
 k - a ring of wizardry (left hand)
 t - a ring of positive energy
 A - a +4 ring of evasion (right hand)
Scrolls
 d - 3 scrolls of teleportation {unknown}
 g - 2 scrolls of enchant armour {unknown}
 i - 4 scrolls of immolation {unknown}
 j - a scroll of blinking {unknown}
 m - 7 scrolls of identify {unknown}
 n - a scroll of amnesia {unknown}
 p - 2 scrolls of magic mapping {unknown}
 q - 2 scrolls of fear {unknown}
 v - a scroll of fog {unknown}
 y - 2 scrolls of noise {unknown}
 z - a scroll of silence {unknown}
Potions
 l - 2 potions of might
 o - a potion of berserk rage {unknown}
 r - 2 potions of degeneration {unknown}
 s - a potion of resistance {unknown}
 w - a potion of attraction {unknown}
 B - a potion of curing {unknown}


   Skills:
 + Level 4.1 Fighting
 - Level 5.0 Short Blades
 - Level 4.0 Armour
 - Level 2.1 Dodging
 * Level 2.2 Spellcasting


You had 5 spell levels left.
You knew the following spells:

 Your Spells              Type           Power      Damage    Failure   Level
a - Summon Small Mammal   Summ           32%        N/A       4%          1
b - Wereblood             Tmut           8%         N/A       6%          2
d - Static Discharge      Conj/Air       8%         N/A       6%          2
Your spell library was empty.

Dungeon Overview and Level Annotations

Branches:
Dungeon (5/15)
 Temple: D:4-7

Altars:
Xom

Shops:
D:5 (

Annotations:
D:3 3 runed translucent doors, Atelerd's ghost, weakling OpEE


Innate Abilities, Weirdness & Mutations

You are immune to sickness and miasma.
You are immune to poison.
Your flesh is very heat resistant. (rF++)
You are vulnerable to cold. (rC-)
You float through the air rather than walking.
You learn spells naturally, not from books.
Your magical power is your life essence.
You have superior vitality. (+4 HP)
You are agile. (Dex +2)
You are somewhat resistant to further mutation.
You occasionally shout uncontrollably at your foes.
Your muscles are strong. (Str +2)


Message History

The ice beast barely misses you.
You fly upwards.
Reactivating autopickup.
There is a stone staircase leading down here.
Casting: Static Discharge (safe; 6% risk of failure)
Confirm with . or Enter, or press ? or * to list all spells.
The ice beast is struck by an arc of lightning!
The ice beast is moderately wounded.
The lightning grounds out.
The ice beast completely misses you.
Casting: Static Discharge (safe; 6% risk of failure)
Confirm with . or Enter, or press ? or * to list all spells.
The ice beast is struck by an arc of lightning.
The ice beast is heavily wounded.
The lightning grounds out.
The ice beast barely misses you.
Casting: Static Discharge (safe; 6% risk of failure)
Confirm with . or Enter, or press ? or * to list all spells.
The ice beast is struck by an arc of lightning.
The ice beast is heavily wounded.
The lightning grounds out.
The ice beast hits you. The ice beast freezes you!
You feel a terrible chill!
Xom roars with laughter!
* * * LOW HITPOINT WARNING * * *
Casting: Static Discharge (safe; 6% risk of failure)
Confirm with . or Enter, or press ? or * to list all spells.
The ice beast is struck by an arc of lightning.
The ice beast is severely wounded.
The lightning grounds out.
* * * LOW HITPOINT WARNING * * *
The ice beast closely misses you.
Casting: Static Discharge (safe; 6% risk of failure)
Confirm with . or Enter, or press ? or * to list all spells.
The ice beast is struck by an arc of lightning.
The ice beast is almost dead.
The lightning grounds out.
* * * LOW HITPOINT WARNING * * *
The ice beast hits you.
* * * LOW HITPOINT WARNING * * *
The ice beast freezes you!
You feel a terrible chill!
You die...
Xom chuckles heartily!

####.#....#.#.##.#..####.###....#
.....####.#.#.......####.###.##..
###.......#.###.......##.....####
#...†...#.#.......#.#########..
#......##.#..#...)........# #.#
####(............#.######.###.#
#.........#.###.# #.....#
#..........Y###.##########..
#........>#@...)........##.#
########......#.........##..
#......#.........####
#......#.........#...
########.##.######... #.##...#
#... ##+##...# #### #.......# #
#.....#.## ###


You could see an ice beast.

Vanquished Creatures
  An ogre (D:4)
  A necrophage (D:5)
  A howler monkey (D:5)
  An orc priest (D:3)
  2 hounds (D:4)
  2 iguanas
  2 orc wizards
  A gnoll (D:1)
  4 adders
  An adder skeleton (D:4)
  A worm (D:2)
  3 dart slugs (D:2)
  10 orcs
  9 ball pythons
  7 endoplasms
  5 giant cockroaches
  6 goblins
  7 hobgoblins
  2 jackals (D:5)
  4 quokkas
  2 bats (D:2)
  5 frilled lizards
  8 kobolds
  7 rats
92 creatures vanquished.

Notes
Turn   | Place    | Note
-------+----------+-------------------------------------------
     0 | D:1      | Banquo the Djinni Chaos Knight began the quest for the Orb.
     0 | D:1      | Reached XP level 1. HP: 20/20 MP: 0/0
     1 | D:1      | XOM: divination: magic mapping
   147 | D:1      | Reached skill level 3 in Short Blades
   202 | D:1      | Reached XP level 2. HP: 25/25 MP: 0/0
   248 | D:1      | Found a faded altar of an unknown god.
   253 | D:1      | XOM: silly message
   376 | D:1      | XOM: divination: magic mapping
   390 | D:1      | Reached XP level 3. HP: 11/30 MP: 0/0
   390 | D:1      | Learned a level 1 spell: Summon Small Mammal
   785 | D:2      | XOM: divination: detect creatures
   875 | D:2      | Reached skill level 4 in Short Blades
   912 | D:2      | Reached XP level 4. HP: 17/35 MP: 0/0
  1086 | D:2      | XOM: silly message
  1725 | D:2      | XOM: cast spell 'Summon Small Mammal'
  1805 | D:2      | Reached XP level 5. HP: 19/40 MP: 0/0
  1805 | D:2      | Learned a level 2 spell: Static Discharge
  2121 | D:3      | XOM: stealth player
  2394 | D:3      | XOM: silly message
  2405 | D:3      | XOM: silly message
  2608 | D:3      | XOM: potion effect (haste)
  2894 | D:3      | XOM: smoke on damage
  3405 | D:3      | Found a runed translucent gate.
  3405 | D:3      | Found a runed translucent gate.
  3405 | D:3      | Found a runed translucent gate.
  3410 | D:3      | Noticed Atelerd's ghost (weakling OpEE)
  3468 | D:4      | XOM: enchant monster (good)
  3557 | D:4      | Reached skill level 5 in Short Blades
  3557 | D:4      | Reached XP level 6. HP: 41/46 MP: 0/0
  3584 | D:4      | Reached skill level 1 in Spellcasting
  4055 | D:4      | XOM: noise
  4347 | D:4      | XOM: 4-stop teleportation journey
  4421 | D:4      | XOM: 1-stop teleportation journey
  4423 | D:4      | Noticed an ogre
  4461 | D:4      | Killed an ogre
  4462 | D:4      | Reached XP level 7. HP: 13/51 MP: 0/0
  4462 | D:4      | Learned a level 2 spell: Wereblood
  4821 | D:4      | XOM: scenery: create altars
  5019 | D:5      | Entered Level 5 of the Dungeon
  5100 | D:5      | Found Qechut's Weapon Shoppe.
  5206 | D:5      | XOM: scenery: create altars
  5343 | D:5      | XOM: give mutations
  5343 | D:5      | Gained mutation: You are somewhat resistant to further
                  | mutation. [Xom's grace]
  5343 | D:5      | Gained mutation: Your muscles are strong. (Str +2) [Xom's
                  | grace]
  5428 | D:4      | XOM: give mutations
  5428 | D:4      | Gained mutation: You sometimes lose the ability to read
                  | scrolls when taking damage. [Xom's mischief]
  5428 | D:4      | Gained mutation: You are agile. (Dex +2) [Xom's mischief]
  5428 | D:4      | Lost mutation: You sometimes lose the ability to read
                  | scrolls when taking damage. [Xom's mischief]
  5428 | D:4      | Gained mutation: You occasionally shout uncontrollably at
                  | your foes. [Xom's mischief]
  5445 | D:5      | XOM: potion effect (curing)
  5462 | D:4      | Mangled by an ice beast

Illustrated notes

Levels and vault maps discovered:
D:1:      dpeg_arrival_rhombus, layout_rooms,
          shapermc_ecumenical_altar_mp_highgroup
D:2:      kennysheep_six_static_rooms, layout_basic
D:3:      layout_loops_ring, gammafunk_ghost_necromancy
D:4:      layout_basic, minmay_fountain_box
D:5:      layout_loops_ring, lemuel_round_altar, serial_shops,
          nicolae_stop_n_shop_2, minmay_misc_feat_roman, st_stairs_14,
          kennysheep_generic_room_16

Skill      XL: |  1  2  3  4  5  6  7 |
---------------+----------------------+-----
Short Blades   | 3 4 5 |  5.0
Armour         | 2 3 4 |  4.0
Spellcasting   | 1 2 |  2.2
Fighting       | 4 |  4.1
Dodging        | |  2.1

Action                   |  1- 3 |  4- 6 |  7- 9 || total
-------------------------+-------+-------+-------++-------
Melee: Short sword       |    20 |    30 |     6 ||    56
       Dagger            |    83 |   280 |    30 ||   393
 Cast: Static Discharge  |       |     6 |    11 ||    17
       Summon Small Mamm |       |     3 |     2 ||     5
 Stab: Petrified         |       |     3 |       ||     3
       Petrifying        |       |     1 |       ||     1
       Sleeping          |       |     1 |       ||     1
Armor: Leather armour    |    13 |    63 |     7 ||    83
Dodge: Dodged            |    29 |    91 |    26 ||   146
